Map: Dusk Towers

Players

MorN

  • Race: Terran Terran
  • League: Master

Apocalypse - Winner!

  • Race: Protoss Protoss
  • League: Master

VOD

Have the link to the VOD?

Description

Time

  • Played on: Dec. 6, 2015, 12:28 a.m.
  • Length: 12:13
Show
View Real Time Build Order
Export as new Build Order

MorN Terran 

Build Orders: MMM Bio 

Get SALT Encoding   

  12  0:00  SCV  
  13  0:12  SCV  
  14  0:17  Supply Depot  
  14  0:25  SCV  
  15  0:38  SCV  
  15  0:40  Barracks  
  16  0:50  SCV  
  17  1:03  SCV  
  18  1:18  Refinery  
  19  1:29  Marine  
  19  1:31  Orbital Command  
  19  1:35  Command Center  
  19  1:39  Refinery  
  19  1:46  Marine  
  20  1:54  Supply Depot  
  20  1:57  SCV  
  21  2:05  Marine  
  22  2:15  SCV  
  23  2:18  Factory  
  23  2:27  SCV  
  24  2:34  Marine  
  25  2:39  SCV  
  26  2:48  Engineering Bay, Orbital Command  
  26  2:51  SCV  
  27  3:02  Factory Tech Lab  
  27  3:03  SCV  
  27  3:04  Barracks  
  28  3:05  Marine  
  29  3:15  SCV x2  
  29  3:17  Terran Infantry Weapons Level 1  
  31  3:23  Cyclone, Marine  
  35  3:30  SCV  
  37  3:34  SCV  
  37  3:42  SCV  
  37  3:43  Supply Depot  
  37  3:46  SCV, Marine  
  40  3:52  Barracks  
  40  3:54  SCV  
  41  3:58  SCV  
  42  4:05  Factory Reactor  
  42  4:06  SCV  
  43  4:10  Stimpack  
  43  4:12  Marine x2  
  43  4:13  SCV  
  46  4:19  SCV  
  46  4:22  Command Center  
  47  4:24  Supply Depot  
  47  4:29  SCV  
  48  4:31  SCV  
  48  4:33  Refinery  
  49  4:41  SCV, Supply Depot  
  49  4:43  SCV, Barracks Tech Lab  
  51  4:46  Starport  
  51  4:52  Factory Reactor  
  51  4:53  SCV  
  51  4:55  SCV, Marine x2  
  55  5:03  Supply Depot  
  55  5:04  Marauder x2  
  55  5:05  SCV, Combat Shields  
  60  5:12  SCV  
  60  5:13  Marine x2  
  63  5:19  SCV  
  64  5:22  Refinery  
  64  5:24  Supply Depot, SCV  
  65  5:35  Factory Reactor  
  65  5:38  Medivac x2  
  65  5:39  Marauder x2, Marine  
  65  5:40  Orbital Command  
  74  5:46  SCV, Barracks  
  74  5:47  Barracks  
  74  5:48  SCV  
  76  5:52  Terran Infantry Armor Level 1  
  76  5:57  Marine x2  
  76  5:58  SCV  
  76  6:00  SCV  
  80  6:06  SCV  
  80  6:08  Medivac x2  
  85  6:14  Orbital Command  
  85  6:23  SCV x2  
  87  6:26  Supply Depot  
  87  6:28  Supply Depot  
  87  6:34  Engineering Bay  
  87  6:35  Armory, SCV x2  
  87  6:36  Marine x2  
  87  6:37  Marauder  
  87  6:38  Barracks Reactor, Barracks Tech Lab, Widow Mine x2  
  97  6:42  SCV  
  97  6:46  Marine  
  99  6:47  SCV x2  
  101  6:54  Marine x2  
  101  6:58  Marauder  
  104  7:04  Marine x2  
  104  7:07  Widow Mine  
  108  7:10  Medivac x2  
  108  7:12  Marine x2  
  112  7:20  Marauder  
  112  7:22  Marine, Marauder  
  102  7:27  Marine x2  
  98  7:31  Marine  
  98  7:32  Marine  
  100  7:41  Marauder x2  
  100  7:44  Marauder  
  102  7:45  Marine x2  
  102  7:49  Marine x2  
  99  7:57  Terran Infantry Weapons Level 2, Terran Infantry Armor Level 2  
  93  8:01  Marine  
  93  8:02  Marine  
  93  8:03  Command Center, Marine x2  
  93  8:05  Marauder  
  99  8:09  Marine x2  
  101  8:14  SCV  
  101  8:15  SCV x2  
  101  8:16  Barracks  
  101  8:17  Barracks  
  101  8:19  Barracks  
  104  8:20  Marauder x2  
  104  8:22  Marine x2  
  104  8:26  SCV, Marauder  
  104  8:27  SCV x2  
  112  8:29  Marine x2  
  113  8:39  SCV, Terran Vehicle Weapons Level 1  
  113  8:40  SCV x2, Marine x2  
  117  8:42  Supply Depot  
  117  8:45  Refinery  
  117  8:47  Supply Depot, Refinery  
  117  8:57  Supply Depot  
  117  9:03  Marauder, Widow Mine x2  
  117  9:04  Marauder  
  117  9:07  Barracks Reactor, Barracks Tech Lab x2  
  117  9:08  Medivac, Marine x4  
  117  9:09  Marauder  
  133  9:15  SCV  
  134  9:24  Marine  
  134  9:25  Marauder  
  134  9:26  Marine  
  134  9:30  Marauder  
  130  9:31  Marine  
  130  9:32  Marauder, Marine  
  130  9:37  Marine x2  
  130  9:38  Widow Mine x2  
  128  9:42  Marine  
  128  9:43  Marine  
  132  9:46  Marauder  
  132  9:50  Marine x2  
  132  9:51  Marauder  
  132  9:52  Medivac x2  
  140  9:53  SCV  
  140  9:54  Marauder  
  140  9:55  Supply Depot  
  140  9:56  Marauder  
  141  10:04  Marauder, Marine x2  
  141  10:06  Widow Mine x2  
  140  10:08  Marauder  
  140  10:10  Marine  
  140  10:11  Marine  
  140  10:13  Marauder  
  147  10:16  Marine x2  
  147  10:17  Marauder  
  147  10:21  Planetary Fortress  
  151  10:24  Refinery  
  151  10:25  Refinery  
  151  10:33  Marine x2  
  151  10:34  Marauder x2  
  151  10:35  Medivac x2, Widow Mine  
  163  10:37  Supply Depot  
  163  10:38  Supply Depot  
  163  10:47  Starport  
  163  10:48  Liberator x2  
  163  10:54  Supply Depot  
  163  10:58  Supply Depot  
  163  10:59  Marauder x2  
  167  11:07  Marine x2  
  167  11:08  Marauder x2  
  167  11:10  Marauder  
  180  11:15  Marine x2  
  180  11:16  Marine  
  180  11:17  Marine  
  184  11:20  Marauder x2  
  186  11:27  Marine  
  186  11:28  Marine  
  186  11:29  Marauder  
  186  11:30  Marauder  
  186  11:31  Marine  
  180  11:33  Marine  
  180  11:34  Marine  
  180  11:37  Starport Tech Lab  
  182  11:40  Fusion Core  
  182  11:41  Marauder  
  182  11:45  Marine  
  185  11:47  Command Center  
  185  11:53  Command Center  
Show
View Real Time Build Order
Export as new Build Order

Apocalypse Protoss - Winner!

Build Orders: 1 Gate Expand 

Get SALT Encoding   

  12  0:01  Probe (Chrono Boost)  
  13  0:11  Probe (Chrono Boost)  
  14  0:18  Pylon  
  14  0:22  Probe (Chrono Boost)  
  15  0:36  Probe (Chrono Boost)  
  15  0:40  Gateway  
  16  0:43  Assimilator  
  16  0:47  Probe (Chrono Boost)  
  17  0:57  Probe (Chrono Boost)  
  18  1:08  Probe (Chrono Boost)  
  20  1:18  Probe (Chrono Boost)  
  20  1:25  Nexus  
  20  1:29  Probe (Chrono Boost)  
  21  1:32  Pylon  
  21  1:41  Probe (Chrono Boost)  
  21  1:46  Cybernetics Core  
  22  1:51  Probe (Chrono Boost)  
  23  1:58  Assimilator  
  23  2:02  Probe (Chrono Boost)  
  23  2:07  Forge  
  24  2:13  Probe (Chrono Boost)  
  25  2:22  Adept  
  27  2:24  Mothership Core (Chrono Boost)  
  27  2:25  Warp Gate  
  29  2:40  Probe, Protoss Ground Armor Level 1 (Chrono Boost)  
  29  2:42  Probe  
  31  2:49  Adept  
  31  2:51  Probe  
  33  2:54  Probe  
  35  3:01  Probe  
  36  3:06  Probe  
  36  3:12  Probe, Robotics Facility  
  37  3:18  Probe  
  37  3:19  Adept  
  41  3:22  Probe  
  42  3:30  Probe, Pylon  
  42  3:33  Probe  
  44  3:42  Assimilator  
  44  3:43  Probe x2  
  46  3:48  Adept  
  46  3:52  Gateway  
  46  3:54  Probe  
  46  3:55  Probe, Gateway  
  49  4:00  Warp Prism  
  52  4:10  Twilight Council  
  52  4:11  Pylon  
  52  4:12  Probe  
  53  4:18  Protoss Ground Weapons Level 1 (Chrono Boost)  
  53  4:21  Probe, Assimilator  
  54  4:24  Pylon  
  54  4:29  Probe  
  55  4:33  Sentry  
  55  4:35  Probe  
  58  4:41  Probe  
  59  4:46  Immortal, Probe  
  59  4:48  Resonating Glaives (Chrono Boost)  
  59  4:51  Sentry  
  66  4:53  Probe  
  67  5:09  Sentry  
  67  5:10  Nexus  
  67  5:11  Pylon  
  67  5:12  Probe  
  70  5:29  Probe x2, Observer  
  71  5:41  Probe x2  
  73  5:44  Pylon  
  73  5:45  Pylon  
  73  5:49  Pylon  
  73  5:51  Immortal  
  73  5:52  Protoss Ground Armor Level 2  
  73  5:53  Probe  
  78  6:01  Pylon  
  78  6:02  Probe, Assimilator  
  79  6:05  Sentry x3, Probe  
  79  6:06  Assimilator  
  86  6:15  Probe  
  86  6:17  Probe  
  86  6:18  Blink (Chrono Boost)  
  88  6:22  Photon Cannon  
  88  6:23  Gateway  
  88  6:27  Probe  
  88  6:29  Probe  
  88  6:32  Immortal  
  94  6:33  Adept x2  
  94  6:36  Adept  
  94  6:37  Probe  
  94  6:39  Probe  
  102  6:42  Probe  
  103  6:49  Pylon  
  103  6:55  Pylon  
  103  6:56  Stalker x2  
  103  6:59  Adept  
  104  7:09  Probe x2  
  104  7:14  Gateway  
  102  7:20  Zealot  
  102  7:21  Zealot x2  
  98  7:24  Cybernetics Core  
  98  7:26  Gateway  
  84  8:03  Adept  
  84  8:04  Adept x2  
  84  8:05  Probe x2  
  92  8:06  Immortal  
  92  8:12  Pylon  
  96  8:13  Pylon  
  96  8:16  Pylon  
  96  8:21  Probe x2  
  96  8:24  Gateway  
  96  8:25  Gateway  
  96  8:26  Adept x3  
  104  8:27  Gateway  
  104  8:29  Gateway  
  104  8:38  Protoss Ground Armor Level 3  
  104  8:40  Stalker x2, Probe  
  108  8:41  Probe x2  
  108  8:45  Photon Cannon  
  108  8:47  Photon Cannon  
  111  8:51  Templar Archives  
  111  8:53  Immortal, Probe  
  111  8:54  Stalker x3  
  122  9:03  Charge (Chrono Boost)  
  122  9:15  Adept x2  
  126  9:18  Adept x3  
  114  9:40  Adept x2  
  114  9:44  Psionic Storm  
  117  9:46  Pylon  
  117  9:49  Pylon  
  117  9:50  Immortal  
  117  10:04  Probe x2  
  119  10:08  Assimilator  
  119  10:10  Pylon  
  119  10:11  Pylon  
  119  10:13  High Templar x5  
  119  10:14  Pylon, High Templar  
  131  10:16  Pylon  
  131  10:22  Photon Cannon  
  131  10:25  Photon Cannon  
  131  10:29  Immortal  
  131  10:34  Probe x2, Photon Cannon x2  
  137  10:36  High Templar  
  137  10:37  High Templar x2  
  143  10:48  High Templar  
  143  10:49  Archon  
  145  10:50  Zealot x3  
  145  10:53  Archon  
  151  11:03  Stalker x2  
  155  11:09  High Templar  
  157  11:18  Stalker x4  
  154  11:26  Immortal  
  151  11:38  Stalker x4  
  145  12:06  Archon  
Tags
 
Composition
MMM Bio
Matchup
PvT
Replay Pack
MorN pack 2
Add a new tag
Caveats
  • Supply blocks, unpowered buildings, or Contaminate may cause inaccurate times.
  • Supply counts are checked every 10 seconds.